 Dungeon Crawl Stone Soup version 0.30-a0-953-g5f1da4a474 (webtiles) character file.

Game seed: 7725866894028180936

32 jasper the Shooter (level 3, -1/20 HPs)
             Began as a Deep Elf Hunter on Mar 28, 2023.
             Slain by a worm (4 damage)
             ... on level 1 of the Dungeon.
             The game lasted 00:01:15 (537 turns).

jasper the Shooter (Deep Elf Hunter)                 Turns: 537, Time: 00:01:16

Health: -1/20      AC:  5    Str: 10    XL:     3   Next: 10%
Magic:  5/5        EV: 11    Int: 13    God:
Gold:   22         SH:  0    Dex: 18    Spells: 2/2 levels left

rFire   . . .      SeeInvis .    a - +0 shortbow
rCold   . . .      Faith    .    (shield currently unavailable)
rNeg    . . .      Spirit   .    d - +0 ring mail
rPois   .          Reflect  .    (no helmet)
rElec   .          Rampage  .    (no cloak)
rCorr   .                        (no gloves)
Will    .....                    (no boots)
Stlth   +                        (no amulet)
HPRegen 0.23/turn                (no ring)
MPRegen 0.09/turn                (no ring)

@: no status effects
A: no striking features
a: no special abilities


You were on level 1 of the Dungeon.
You visited 1 branch of the dungeon, and saw 1 of its levels.

You collected 22 gold pieces.

Inventory:

Hand Weapons
 a - a +0 shortbow (weapon)
Armour
 c - a +0 leather armour
 d - a +0 ring mail (worn)
Scrolls
 b - a scroll of immolation
Potions
 e - a potion of heal wounds
 f - a potion of mutation {unknown}
 g - a potion of might {unknown}
 h - a potion of resistance {unknown}
 j - a potion of curing {unknown}


   Skills:
 - Level 1.5 Fighting
 + Level 6.7 Ranged Weapons
 - Level 2.4 Dodging
 - Level 1.2 Stealth


You had 2 spell levels left.
You didn't know any spells.
Your spell library was empty.

Dungeon Overview and Level Annotations

Branches:
Dungeon (1/15)

Altars:

Annotations:
D:1 1 runed translucent door


Message History

You shoot an arrow. The arrow hits the giant cockroach!
You kill the giant cockroach!
The giant cockroach bites you but does no damage.
The giant cockroach completely misses you.
The endoplasm hits you but does no damage.
The giant cockroach barely misses you.
The endoplasm jiggles.
The worm bites you. The giant cockroach barely misses you.
You take 3 damage, and have 14/20 hp.
Fire: a) +0 shortbow
Press: ? - help, Q - select action Shift-Dir - straight line, f - rat
Aim: a rat (64% to hit)
You shoot an arrow. The arrow hits the giant cockroach!
You kill the giant cockroach!
The giant cockroach barely misses you. The giant cockroach misses you.
The endoplasm freezes you.
You are frozen.
The giant cockroach bites you but does no damage.
The worm bites you.
You take 6 damage, and have 8/20 hp.
MASSIVE DAMAGE!!
Fire: a) +0 shortbow
Press: ? - help, Q - select action Shift-Dir - straight line, f/p - rat
Aim: a rat (64% to hit)
You shoot an arrow. The arrow hits the rat.
You kill the rat!
The giant cockroach bites you but does no damage.
The endoplasm freezes you.
You are frozen.
* * * LOW HITPOINT WARNING * * *
The giant cockroach bites you but does no damage.
The giant cockroach barely misses you. The endoplasm closely misses you.
The endoplasm completely misses you.
You take 4 damage, and have 4/20 hp.
You shoot an arrow. The arrow hits the endoplasm.
The endoplasm is moderately wounded.
The jackal pauses to sniff the ground.
The giant cockroach bites you.
* * * LOW HITPOINT WARNING * * *
The giant cockroach barely misses you. The worm bites you.
You die...

###..............................
........................##.......
#####..###+#######'###......###.#
#....>.#..⌠...>...⌠..#...##.....#
...###.#......<......#.........##
#..###.+⌠....###....⌠+.........'.
.......#.............#.........#.
##.....#######+#######.........#.
#.....#......BJ@whJ.#.........#.
#.....#.......BJBh..#.#.......#.
#.....#........rJh..#.#.......#.
###.#.###############.#........#
####.#.................#...####..
.......###########..####.### #..
....##.# #...........##.# #..
.......# #............#.# #..
.....######............#.# ##.


You could see a worm, 4 endoplasms, 3 jackals, 3 giant cockroaches and a rat.

Vanquished Creatures
  2 dart slugs (D:1)
  2 endoplasms (D:1)
  3 giant cockroaches (D:1)
  2 goblins (D:1)
  4 hobgoblins (D:1)
  A quokka (D:1)
  2 ball pythons (D:1)
  5 bats (D:1)
  A frilled lizard (D:1)
  6 rats (D:1)
28 creatures vanquished.

Notes
Turn   | Place    | Note
-------+----------+-------------------------------------------
     0 | D:1      | jasper the Deep Elf Hunter began the quest for the Orb.
     0 | D:1      | Reached XP level 1. HP: 12/12 MP: 3/3
     1 | D:1      | Found a runed translucent door.
    47 | D:1      | Reached XP level 2. HP: 16/16 MP: 4/4
    54 | D:1      | Reached skill level 6 in Ranged Weapons
   384 | D:1      | Reached XP level 3. HP: 20/20 MP: 5/5
   537 | D:1      | Slain by a worm

Illustrated notes

Levels and vault maps discovered:
D:1:      dpeg_arrival_caged_fury, layout_basic, minmay_misc_feat_rows,
          minmay_misc_feat_four_crosses

Skill      XL: |  1  2 |
---------------+-------+-----
Ranged Weapons | 6 |  6.7
Fighting       | |  1.5
Dodging        | |  2.4
Stealth        | |  1.2

Action                     || total
---------------------------++-------
   Fire: Shortbow          ||    52
    Use: Scroll            ||     1
         Potion            ||     1
 Armour: Leather armour    ||     3
         Ring mail         ||    10
  Dodge: Dodged            ||    31

Table legend: (Time is in decaauts)
 A = Elapsed time spent in this place.
 B = Non-inter-level travel time spent in this place.
 C = Inter-level travel time spent in this place.
 D = Time resting spent in this place.
 E = Time spent auto-exploring this place.
 F = Levels seen in this place.
 G = Mean time per level.
                   A        B        C        D        E       F      G
               +--------+--------+--------+--------+--------+-----+--------+
         Total |    554 |    554 |      0 |      4 |    430 |   1 |  554.0 |
       Dungeon |    554 |    554 |      0 |      4 |    430 |   1 |  554.0 |
               +--------+--------+--------+--------+--------+-----+--------+

Top non-repeatable levels by time:
     D:1: 554 daAuts
